[Event "Sunway Sitges Chess Festival"]
[Date "2024.12.21"]
[White "Song, Edward"]
[Black "Raczek, Krzysztof"]
[WhiteElo "2363"]
[BlackElo "2443"]
[Round "9.10"]
[Result "1/2-1/2"]
[TimeControl "40/5400+30:1800+30"]

1. e4 c6 2. d4 d5 3. Nc3 dxe4 4. Nxe4 Nf6 5. Nxf6+ exf6 6. c3 Bd6 7. Bd3 O-O 8. Qc2 c5 9. Ne2 g6 10. Be3 Qc7 11. dxc5 Bxc5 12. Bxc5 Qxc5 13. O-O Nc6 14. Rad1 Rd8 15. Be4 Be6 16. b3 a5 17. Nf4 Bg4 18. Rd5 Rxd5 19. Nxd5 Kg7 20. h3 Bf5 21. Bxf5 Qxd5 22. Be4 Qe5 23. Bxc6 bxc6 24. Qd2 Re8 25. Rd1 Qf5 26. b4 axb4 27. cxb4 Ra8 28. Qb2 Qe5 29. Qb3 Qe6 30. Qxe6 fxe6 31. Rd7+ Kh6 32. Rd6 Rxa2 33. Rxe6 Rb2 34. Rxf6 Rxb4 35. Rxc6 Rb7 36. Rc5 Kg7 37. g4 h6 38. Kg2 g5 39. h4 Kg6 40. h5+ Kg7 41. Re5 Rb3 42. Re7+ Kg8 43. Re3 Rb4 44. Kf3 Rf4+ 45. Kg3 Rb4 46. Rd3 Ra4 47. Rd2 Kg7 48. f3 Ra7 49. Kf2 Re7 50. Rd4 Kf6 51. Re4 Ra7 52. Re8 Kf7 53. Rd8 Re7 54. Rd3 Kf6 55. Rc3 Kf7 56. Re3 Ra7 57. Ke2 Ra2+ 58. Kd3 Ra3+ 59. Ke4 Ra4+ 60. Kd5 Ra5+ 61. Kd6 Ra6+ 62. Kc5 Ra5+ 63. Kb6 Ra1 64. Re5 Ra3 65. Rf5+ Kg7 66. Kb5 Rc3 67. Kb4 Re3 1/2-1/2

[Variant "Standard"]
[Site "Europe Echecs"]

[Event "Sunway Sitges Chess Festival"]
[Date "2024.12.21"]
[White "Arfan, Aditya Bagus"]
[Black "Liu, Xiangyi"]
[WhiteElo "2416"]
[BlackElo "2372"]
[Round "9.11"]
[Result "1/2-1/2"]
[TimeControl "40/5400+30:1800+30"]

1. e4 e6 2. d4 d5 3. e5 c5 4. c3 Nc6 5. Nf3 Bd7 6. Be2 Rc8 7. O-O a6 8. Nbd2 cxd4 9. cxd4 Nb4 10. Ne1 Qb6 11. Ndf3 Nc6 12. Nc2 Na7 13. Bd3 Bb5 14. a4 Bxd3 15. Qxd3 Ne7 16. b4 Nec6 17. Bd2 Bxb4 18. Rfb1 a5 19. Qb3 Rc7 20. h4 h6 21. Ra2 O-O 22. Kh2 Rfc8 23. Nxb4 Nxb4 24. Bxb4 Qxb4 25. Qxb4 axb4 26. Rxb4 Nc6 27. Rb5 Ra8 28. a5 Ra7 29. Ra4 Ne7 30. Rab4 Nc6 31. Ra4 1/2-1/2

[Variant "Standard"]
[Site "Europe Echecs"]

[Event "Sunway Sitges Chess Festival"]
[Date "2024.12.21"]
[White "Kristoferitsch, Daniel"]
[Black "Atanasov, Anthony"]
[WhiteElo "2287"]
[BlackElo "2415"]
[Round "9.12"]
[Result "1/2-1/2"]
[TimeControl "40/5400+30:1800+30"]

1. d4 e6 2. c4 b6 3. a3 Bb7 4. Nc3 f5 5. d5 Nf6 6. g3 Na6 7. Bg2 Bd6 8. e4 fxe4 9. Nxe4 Nxe4 10. Bxe4 O-O 11. Ne2 Nc5 12. Bg2 exd5 13. Bxd5+ Bxd5 14. Qxd5+ Kh8 15. Be3 Qf6 16. O-O Qxb2 17. Nd4 Rae8 18. Rab1 Qxa3 19. Nb5 Qd3 20. Qxd3 Nxd3 21. Nxd6 cxd6 22. Rfd1 Ne5 23. Rxd6 Re7 24. c5 Nc4 25. Rd5 Nxe3 26. fxe3 bxc5 27. Rb7 c4 28.
Rxa7 Rc8 29. Rc5 Ree8 30. Rac7 Rb8 31.
Rxc4 Rxe3 32. Rb7 Ree8 33. Rxd7 Rb1+ 34.
Kg2 Rb2+ 35. Kh3 Rb6 1/2-1/2

[Variant "Standard"]
[Site "Europe Echecs"]

[Event "Sunway Sitges Chess Festival"]
[Date "2024.12.21"]
[White "Arkell, Keith C"]
[Black "Ivanchuk, Vasyl"]
[WhiteElo "2355"]
[BlackElo "2630"]
[Round "9.13"]
[Result "1/2-1/2"]
[TimeControl "40/5400+30:1800+30"]

1. d4 Nf6 2. Nf3 e6 3. c3 b6 4. Bg5 h6 5. Bh4 d6 6. Nbd2 Bb7 7. e3 Nbd7 8. h3 g6 9. Bd3 Bg7 10. Qe2 a6 11. Be4 c6 12. Bc2 Qc7 13. Bg3 c5 14. Nc4 Bf8 15. a4 Be7 16. O-O O-O 17. Bd3 b5 18. axb5 axb5 19. Ncd2 c4 20. Bc2 e5 21. e4 Rfe8 22. Qe3 Bf8 23. Rfc1 Qb6 24. Rxa8 Bxa8 25. Re1 Bb7 26. dxe5 Qxe3 27. Rxe3 dxe5 28. Re1 Bd6 29. Rd1 Bb8 30. Nh2 Nh5 31. Nxc4 bxc4 32. Rxd7 Bc6 33. Rd1 Nxg3 34. fxg3 Ba7+ 35. Kf1 Rb8 36. Rb1 Rb5 37. Nf3 Ra5 1/2-1/2

[Variant "Standard"]
[Site "Europe Echecs"]

[Event "Sunway Sitges Chess Festival"]
[Date "2024.12.21"]
[White "Naoum, Spyridon"]
[Black "Velten, Paul"]
[WhiteElo "2338"]
[BlackElo "2501"]
[Round "9.14"]
[Result "1-0"]
[TimeControl "40/5400+30:1800+30"]

1. d4 Nf6 2. c4 e6 3. Nf3 d5 4. Nc3 c6 5. e3 Nbd7 6. Be2 Bb4 7. O-O O-O 8. a3 Bxc3 9. bxc3 Re8 10. Bb2 b6 11. a4 Ba6 12. cxd5 Bxe2 13. Qxe2 exd5 14. c4 Ne4 15. cxd5 cxd5 16. Qb5 Ndf6 17. Ne5 a6 18. Qd3 Nd7 19. Rfc1 Re6 20. Rc2 Nxe5 21. dxe5 Nc5 22. Qd1 Rg6 23. f3 Qg5 24. Bd4 Rd8 25. a5 Nb3 26. axb6 Nxa1 27. Qxa1 Qf5 28. Qc3 Qxf3 29. b7 Qd1+ 30. Kf2 Qh1 31. Kf3 Qxh2 32. Qc8 Qg3+ 33. Ke2 Qxg2+ 34. Kd3 Qf1+ 35. Kc3 Qc4+ 36. Qxc4 dxc4 37. Rb2 Rb8 38. Ba7 Rxb7 39. Rxb7 h5 40. Rb8+ Kh7 41. Rf8 Re6 42. Rxf7 Kg6 43. Rb7 h4 44. Kxc4 h3 45. Bb8 Kh5 46. Rb1 g5 47. Kd5 Re8 48. e6 Kg4 49. Bd6 Kf3 50. Rg1 Rh8 51. Rxg5 h2 52. Bxh2 Rxh2 53. e7 Rh8 54. Rf5+ Kxe3 55. Rf8 Rh5+ 56. Kc4 1-0

[Variant "Standard"]
[Site "Europe Echecs"]

[Event "Sunway Sitges Chess Festival"]
[Date "2024.12.21"]
[White "Khusenkhojaev, Mustafokhuja"]
[Black "Travadon, Loic"]
[WhiteElo "2339"]
[BlackElo "2428"]
[Round "9.15"]
[Result "1-0"]
[TimeControl "40/5400+30:1800+30"]

1. d4 Nf6 2. c4 e6 3. g3 c5 4. d5 exd5 5. cxd5 d6 6. Nc3 g6 7. Bg2 Bg7 8. Nf3 O-O 9. O-O Re8 10. Bf4 h6 11. Re1 g5 12. Bd2 Bf5 13. h4 g4 14. Nh2 h5 15. Bf4 Qb6 16. e4 Bg6 17. Qb3 Na6 18. Qxb6 axb6 19. a3 b5 20. Nxb5 Nxe4 21. Re2 f5 22. Nf1 Rad8 23. Ne3 c4 24. Nxc4 Nac5 25. Rd1 Nxg3 26. Rxe8+ Bxe8 27. Bxg3 Bxb5 28. Nxd6 Ba4 29. b4 Bxd1 30. bxc5 Bb3 31. Nxf5 Bf8 32. d6 Rc8 33. Nd4 Ba4 34. Bd5+ Kh7 35. Ne6 Bxd6 36. Bxd6 Bc6 37. Bxc6 bxc6 38. Nd4 Kg6 39. a4 Kf7 40. a5 Ra8 41. Nxc6 Ke6 42. Kg2 Ra6 43. Nd4+ Kd5 44. Ne2 Rxa5 45. Nf4+ 1-0

[Variant "Standard"]
[Site "Europe Echecs"]

[Event "Sunway Sitges Chess Festival"]
[Date "2024.12.21"]
[White "Gormally, Daniel W"]
[Black "Alexiadis, Hristos"]
[WhiteElo "2424"]
[BlackElo "2341"]
[Round "9.16"]
[Result "1/2-1/2"]
[TimeControl "40/5400+30:1800+30"]

1. e4 c5 2. Nf3 d6 3. Bb5+ Nd7 4. d4 cxd4 5. Qxd4 a6 6. Bxd7+ Bxd7 7. O-O Rc8 8. c4 e5 9. Qd3 b5 10. Na3 Qb6 11. Be3 Qb7 12. cxb5 axb5 13. Rfc1 Rxc1+ 14. Rxc1 Nf6 15. Nd2 Be7 16. Bg5 O-O 17. Nc2 Rc8 18. Re1 Be6 19. Ne3 h6 20. Bxf6 Bxf6 21. a3 Bg5 22. h3 Qc6 23. Nf3 Bxe3 24. Qxe3 Qc2 25. Qb6 Qxb2 26. Qxd6 Rc2 27. Qxe5 Rxf2 28. Qxb2 Rxb2 29. Nd4 Bc4 30. Re3 Kf8 31. Nf5 h5 32. Rc3 g6 33. Nd6 Be6 34. Rc5 b4 35. axb4 Rxb4 36. e5 Rd4 37. Kf2 Rd2+ 38. Kf3 Rd3+ 39. Kf2 Rd2+ 40. Kf3 Rd3+ 41. Kf2 Ke7 42. Ne4 Bd5 43. Ng5 Rd2+ 44. Ke3 Rxg2 45. h4 Be6 46. Rc7+ Kd8 47. Ra7 Rg4 48. Nxf7+ Bxf7 49. Rxf7 Rxh4 50. Rg7 Rg4 51. Kf3 Ke8 52. e6 Kf8 53. Rf7+ Ke8 54. Rg7 Rg1 55. Kf4 h4 56. Rh7 Rf1+ 57. Kg5 h3 58. Rxh3 Ke7 59. Kxg6 1/2-1/2

[Variant "Standard"]
[Site "Europe Echecs"]

[Event "Sunway Sitges Chess Festival"]
[Date "2024.12.21"]
[White "Esplugas Esteve, Vicenc"]
[Black "Aloma Vidal, Robert"]
[WhiteElo "2277"]
[BlackElo "2398"]
[Round "9.17"]
[Result "1/2-1/2"]
[TimeControl "40/5400+30:1800+30"]

1. d4 Nf6 2. c4 c5 3. d5 b5 4. Nf3 b4 5. a3 g6 6. Be3 bxa3 7. Rxa3 d6 8. Nc3 Bg7 9. Bf4 O-O 10. e4 Bg4 11. Be2 Nbd7 12. O-O Ne8 13. h3 Bxf3 14. Bxf3 Nc7 15. Qd2 a6 16. Be2 Rb8 17. h4 Rb4 18. h5 Ne5 19. b3 e6 20. Bg5 Bf6 21. Bxf6 Qxf6 22. f4 Nd7 23. e5 dxe5 24. Ne4 Qd8 25. dxe6 fxe6 26. Rd1 Nd5 27. Bg4 Qe7 28. Bxe6+ Qxe6 29. Ng5 Qc6 30. Qxd5+ Qxd5 31. Rxd5 Nf6 32. Rxc5 exf4 33. hxg6 hxg6 34. Rc6 a5 35. Ra6 Kh8 36. Kf1 Rbb8 37. Ne6 Rf7 38. Ng5 Rff8 39. R6xa5 Ng4 40. Ra7 Rf5 41. Ra8 Rxa8 42. Rxa8+ Kg7 43. Ne4 f3 44. gxf3 Rxf3+ 45. Kg2 Rxb3 46. c5 Ne3+ 47. Kf3 Nd5+ 48. Kf2 Rb2+ 49. Kf3 Rb3+ 50. Kf2 Rb2+ 51. Kf3 1/2-1/2

[Variant "Standard"]
[Site "Europe Echecs"]

[Event "Sunway Sitges Chess Festival"]
[Date "2024.12.21"]
[White "Sofronie, Iulian"]
[Black "Jaksland, Tim"]
[WhiteElo "2368"]
[BlackElo "2107"]
[Round "9.18"]
[Result "1-0"]
[TimeControl "40/5400+30:1800+30"]

1. d4 Nf6 2. Nc3 d5 3. Bf4 c5 4. e3 cxd4 5. exd4 a6 6. Nf3 Nc6 7. Ne5 Bd7 8. g3 e6 9. Bg2 Nxe5 10. dxe5 Ng8 11. O-O Ne7 12. Re1 Nc6 13. h4 h6 14. h5 Bc5 15. a3 Rc8 16. Qg4 Kf8 17. Qd1 Ba7 18. Qd3 Qb6 19. Nd1 Qd4 20. Qe2 Qb6 21. c3 Qb3 22. Be3 Bxe3 23. Nxe3 Na5 24. Rad1 Nc4 25. Nxd5 Qxb2 26. Qg4 Qxa3 27. Nf4 Qxc3 28. Bxb7 Rc7 29. Bg2 Qa5 30. Qh4 Rc8 31. Re4 Nb6 32. Red4 Qxe5 33. Rd6 Qg5 34. Rxb6 Bb5 35. Bf3 Qxh4 36. gxh4 Ke7 37. Rb7+ Kf6 38. Be2 Bxe2 39. Nxe2 Rhd8 40. Rxd8 Rxd8 41. Ra7 Rd2 42. Ng3 Rd4 43. Rxa6 Rxh4 44. Kg2 g6 45. hxg6 Kxg6 46. Ne2 Rb4 47. Rd6 Ra4 48. Nd4 Kf6 49. Rd7 Kg6 50. Nc6 f6 51. Rd6 Kf5 52. Ne7+ Ke5 53. Rd3 f5 54. Rh3 Rg4+ 55. Kf3 Kd6 56. Nc8+ Kc7 57. Na7 Kb6 58. Rxh6 Kxa7 59. Rxe6 Kb7 60. Rf6 Ra4 61. Rxf5 Kc6 62. Rf4 Ra8 63. Rd4 Rf8+ 64. Ke3 Kc5 65. f4 Ra8 66. Rd2 Re8+ 67. Kf3 Rf8 68. Rd1 Kc4 69. Rd7 Kc5 70. Kg4 Kc6 71. Rd1 Rg8+ 72. Kh5 Rf8 73. Kg5 Rg8+ 74. Kh6 Rf8 75. Rf1 Kd7 76. Kg7 Rf5 77. Kg6 Rf8 78. f5 Ra8 79. Kf7 Ra2 80. Rd1+ Kc7 81. f6 Rf2 82. Kg7 Rg2+ 83. Kf8 Rf2 84. f7 Rg2 85. Rd4 Kc6 86. Ke7 Re2+ 87. Kf6 Rf2+ 88. Kg6 Kc7 89. Rd5 Rf3 1-0

[Variant "Standard"]
[Site "Europe Echecs"]

[Event "Sunway Sitges Chess Festival"]
[Date "2024.12.21"]
[White "Coles, Ruben"]
[Black "kiladze, Luka"]
[WhiteElo "2155"]
[BlackElo "2359"]
[Round "9.19"]
[Result "0-1"]
[TimeControl "40/5400+30:1800+30"]

1. e4 d6 2. d4 Nf6 3. Nc3 e5 4. Nf3 Nbd7 5. Bc4 Be7 6. O-O O-O 7. a4 a5 8. Re1 c6 9. h3 h6 10. Be3 Re8 11. Qd2 exd4 12. Bxd4 Ne5 13. Be2 Qc7 14. Rad1 Be6 15. Be3 Nxf3+ 16. Bxf3 Rad8 17. Bf4 Qb6 18. Qd4 Qb4 19. Ne2 d5 20. Bd2 Qxd4 21. Nxd4 dxe4 22. Nxe6 fxe6 23. Bxe4 Nxe4 24. Rxe4 Rd6 25. Kf1 Red8 26. Ke1 Bf6 27. c3 Bg5 28. Rd4 Rxd4 29. cxd4 Rxd4 30. Bxa5 Rxa4 31.
Bc3 e5 32. Rd7 b5 33. Rc7 Rc4 34. Kd1 Bf6 35. Bd2 e4 36. b3 Rc5 37. Be3 Rc3 38. b4 Rd3+ 39. Ke2 Rd6 40. f3 exf3+ 41. Kxf3 Re6 42. Bc5 Kh7 43. g4 Kg6 44. Rc8 Kg5 45. Kg3 Be5+ 46. Kf3 Kh4 47. Kg2 Bf6 48. Rc7 Re2+ 49. Bf2+ Kg5 50. Kf3 Re6 51. Bc5 Be5 52. Rc8 Bc3 53. Rc7 h5 54. Be7+ Kg6 55. Bc5 Kg5 56. Be7+ Bf6 57. Bc5 Kh4 58. gxh5 Kxh5 59. Kf4 Bc3 60. Kf5 Re5+ 61. Kf4 g5+ 62. Kf3 Rf5+ 63. Ke3 Rf6 64. Rh7+ Kg6 65. Rc7 Be5 66. Rc8 Kf5 67. Kf3 Rh6 68. Rf8+ Ke6 69. Kg4 Rh4+ 70. Kxg5 Rxh3 71. Re8+ Kd5 72. Rd8+ Kc4 73. Rc8 Bd4 74. Bf8 Rg3+ 75. Kf5 Rf3+ 76. Ke6 Rf6+ 77. Kd7 Kd5 78. Be7 Rf7 79. Ke8 Rh7 80. Rd8+ Kc4 81. Rd6 c5 82. Rd7 cxb4 83. Rc7+ Kd3 84. Rb7 Bc5 85. Rd7+ Kc4 0-1

[Variant "Standard"]
[Site "Europe Echecs"]

[Event "Sunway Sitges Chess Festival"]
[Date "2024.12.21"]
[White "Xu, Minghui"]
[Black "Koh, Ming Yao Gavin"]
[WhiteElo "2405"]
[BlackElo "1995"]
[Round "9.20"]
[Result "1-0"]
[TimeControl "40/5400+30:1800+30"]

1. d4 Nf6 2. c4 e6 3. Nf3 d5 4. Nc3 Bb4 5. cxd5 exd5 6. Bf4 Ne4 7. Rc1 Nc6 8. Nd2 Nxc3 9. bxc3 Ba3 10. Rb1 g5 11. Bg3 f5 12. h4 f4 13. Bh2 Bd6 14. e4 fxe3 15. Qh5+ Kf8 16. fxe3 Bxh2 17. Rxh2 Qd6 18. g3 Qg6 19. Qxg5 Qxg5 20. hxg5 Kg7 21. Bd3 Nd8 22. Kf2 Nf7 23. Nf3 c6 24. g4 h6 25. g6 Nd6 26. Kg3 Bd7 27. Rbh1 Raf8 28. g5 Nf5+ 29. Bxf5 Bxf5 30. Rxh6 Rxh6 31. gxh6+ Kxg6 32. h7 Kg7 33. Ng5 Rh8 34. Kf4 Kf6 35. Rh6+ Bg6 36. Rh2 b6 37. a3 Bd3 38. Rh6+ Bg6 39. Ne6 Kf7 40. Ke5 c5 41. Kxd5 cxd4 42. cxd4 Bf5 43. Ng5+ Kg7 44. Rd6 1-0

[Variant "Standard"]
[Site "Europe Echecs"]

[Event "Sunway Sitges Chess Festival"]
[Date "2024.12.21"]
[White "Marie, Maxime"]
[Black "Diaz Rosas, Julio Cesar"]
[WhiteElo "2196"]
[BlackElo "2401"]
[Round "9.21"]
[Result "1-0"]
[TimeControl "40/5400+30:1800+30"]

1. c4 e6 2. Nf3 d5 3. e3 Nf6 4. b3 b6 5. Bb2 Bb7 6. Nc3 Nbd7 7. Qc2 a6 8. Be2 Bd6 9. cxd5 exd5 10. h4 Qe7 11. h5 c5 12. d4 Rc8 13. dxc5 Nxc5 14. Qf5 Nce4 15. Nxe4 dxe4 16. Nd4 Rc5 17. Qh3 Bc8 18. Qh4 h6 19. O-O Nxh5 20. Qxe7+ Bxe7 21. Ba3 Rg5 22. Rac1 Bd7 23. Bxe7 Kxe7 24. Nc6+ Kf6 25. Rfd1 Be6 26. Rd6 Rc8 27. Rcd1 g6 28. Bxa6 Ra8 29. Nb4 b5 30. Bb7 Rb8 31. Bxe4 Kg7 32. Na6 Rc8 33. f4 Rg3 34. Kf2 Bg4 35. Rd8 Rc3 36. R1d3 Rc1 37. R3d4 Rh1 38. R8d5 f5 39. Rd7+ Kf8 40. Rd8+ Kf7 41. R4d7+ Kf6 42. Rf8+ 1-0

[Variant "Standard"]
[Site "Europe Echecs"]

[Event "Sunway Sitges Chess Festival"]
[Date "2024.12.21"]
[White "Allahverdiyeva, Ayan"]
[Black "Shamatava, Nikolozi"]
[WhiteElo "2194"]
[BlackElo "2334"]
[Round "9.22"]
[Result "1-0"]
[TimeControl "40/5400+30:1800+30"]

1. e4 c6 2. d4 d5 3. e5 Bf5 4. h4 h5 5. Bd3 Bxd3 6. Qxd3 Qa5+ 7. c3 e6 8. a4 Qa6 9. Qg3 Ne7 10. b4 Nf5 11. Qf3 Nd7 12. Ne2 O-O-O 13. Ng3 Nxg3 14. Qxg3 f6 15. f4 fxe5 16. fxe5 Be7 17. Nd2 g5 18. hxg5 Rdg8 19. Nf1 Nf8 20. Ra2 Qc4 21. Rb2 h4 22. Qf3 Bxg5 23. Bxg5 Rxg5 24. Rxh4 Rf5 25. Nd2 Rxh4 26. Nxc4 Rxf3 27. Nd6+ Kc7 28.
gxf3 Rh1+ 29. Kd2 Rh2+ 30. Kc1 Rh1+ 31.
Kc2 Ng6 32. Kd3 Rd1+ 33. Ke3 Rc1 34.
Rg2 Rxc3+ 35. Kd2 Rd3+ 36. Kc2 Nf4 37.
Rg7+ Kd8 38. Nxb7+ Kc8 39. Nd6+ Kd8 40. Rxa7 Rxd4 41. Rb7 Rd3 42. Rf7 Rd4 43. a5 Rxb4 44. a6 Ra4 45. a7 Ng6 46. f4 c5 47. Rb7 Nxf4 48. Rb8+ Kd7 49.
a8=Q Rxa8 50. Rxa8 Ng6 51. Ra7+ Kc6 52. Ra6+ Kd7 53. Nb7 1-0

[Variant "Standard"]
[Site "Europe Echecs"]

[Event "Sunway Sitges Chess Festival"]
[Date "2024.12.21"]
[White "Alinasab, Mobina"]
[Black "Lopez Del Alamo, Antonio"]
[WhiteElo "2330"]
[BlackElo "2194"]
[Round "9.23"]
[Result "1-0"]
[TimeControl "40/5400+30:1800+30"]

1. e4 c5 2. Nf3 Nc6 3. Bb5 g6 4. Bxc6 dxc6 5. d3 Bg7 6. Nc3 e5 7. Be3 b6 8. Qd2 h6 9. h3 Ne7 10. Ne2 f5 11. Qc3 Qc7 12. Bf4 Nd5 13. Bxe5 Nxc3 14. Bxc7 Nxe2 15. Kxe2 Bxb2 16. Rab1 Bf6 17. Be5 Kf7 18. Ke3 Re8 19. Bxf6 Kxf6 20. Nd2 Be6 21. a4 Rad8 22. Ra1 Kg7 23. f3 Rd7 24. Ra3 Red8 25. Rc3 Rd4 26. a5 Ra4 27. axb6 axb6 28. Rb1 Ra6 29. Nc4 Bxc4 30. Rxc4 Kf6 31. Rc3 Ke5 32. f4+ Kd6 33. g4 Ke6 34. Rcb3 Rb8 35. Rg1 Kf6 36. gxf5 gxf5 37. e5+ Kf7 38. Rb2 Ra3 39. c3 Rxc3 40. Rbg2 Rd8 41. Rg7+ Ke6 42. R1g6+ Kd5 43. Rg8 Rd7 44. e6 Rxd3+ 45. Kxd3 c4+ 46. Kc3 Ra7 47. Rd8+ Kc5 48. Rd7 Ra2 49. e7 b5 50. Rxc6+ 1-0

[Variant "Standard"]
[Site "Europe Echecs"]

[Event "Sunway Sitges Chess Festival"]
[Date "2024.12.21"]
[White "Savitha Shri B"]
[Black "Herman Gamazo, Isaac"]
[WhiteElo "2329"]
[BlackElo "2191"]
[Round "9.24"]
[Result "1-0"]
[TimeControl "40/5400+30:1800+30"]

1. e4 e5 2. Nf3 Nc6 3. Bc4 Bc5 4. c3 Nf6 5. d4 exd4 6. b4 Bb6 7. e5 d5 8. exf6 dxc4 9. Qe2+ Be6 10. fxg7 Rg8 11. b5 Na5 12. cxd4 Rxg7 13. Nc3 Bxd4 14. Bb2 c5 15. bxc6 Nxc6 16. O-O-O Rg4 17. h3 Rf4 18. Nxd4 Rxd4 19. Ne4 c3 20. Bxc3 Rc8 21. Kb2 Ke7 22. Ka1 Qb6 23. Rb1 Nb4 24. Rb2 Rdc4 25. Rhb1 a5 26. Bf6+ Kf8 27. Ng5 Rc2 28. Rxc2 Rxc2 29. Rxb4 Qc6 30. Qd3 Rxa2+ 31. Kb1 Bd5 32. Rb2 Ra4 33. Bd4 Rc4 34. Be3 h6 35. Rb6 Qa4 36. Nh7+ Ke7 37. Nf6 Bc6 38. Ng8+ Ke8 39. Nf6+ Ke7 40. Ng8+ Ke8 41. Rb2 Bxg2 42. Bxh6 Rd4 43. Qb5+ Qxb5 44. Rxb5 a4 45. Be3 Rh4 46. Nf6+ Ke7 47. Nd5+ Kd6 48. Nf4 Be4+ 49. Kb2 Rh8 50. Rb4 Bc6 51. Rd4+ Ke5 52. Nd3+ Ke6 53. h4 b5 54. h5 f6 55. h6 Rh7 56. Rd8 Kf5 57. Rd6 Bf3 58. Rb6 Be2 59. Nc5 Rh8 60. Nd7 Bc4 61. Rxf6+ Ke4 62. Rf4+ Kd5 1-0

[Variant "Standard"]
[Site "Europe Echecs"]

[Event "Sunway Sitges Chess Festival"]
[Date "2024.12.21"]
[White "Ilkhomi, Jaloliddin"]
[Black "Abergel, Thal"]
[WhiteElo "2278"]
[BlackElo "2411"]
[Round "9.25"]
[Result "1-0"]
[TimeControl "40/5400+30:1800+30"]

1. Nf3 d5 2. c4 e6 3. g3 Nf6 4. Bg2 Be7 5. O-O O-O 6. d4 c6 7. Qc2 b6 8. Nbd2 Na6 9. a3 c5 10. dxc5 bxc5 11. e4 Bb7 12. exd5 exd5 13. cxd5 Qxd5 14. Nh4 Qd7 15. Bxb7 Qxb7 16. Nf5 Rfe8 17. Nc4 Qc6 18. Nxe7+ Rxe7 19. Bg5 h6 20. Bxf6 Qxf6 21. Rfd1 Rae8 22. Ne3 Qf3 23. Rd6 Qb7 24. Rad1 Nc7 25. Qxc5 Qxb2 26. Rd8 Qe5 27. Qxa7 Rxd8 28. Rxd8+ Kh7 29. Qd4 Qxd4 30. Rxd4 Ne6 31. Rc4 Rb7 32. a4 Rb3 33. Nc2 Rb2 34. h4 Ra2 35. Kf1 Nf8 36. Nd4 Nd7 37. Rc7 Ne5 38. Ra7 Kg6 39. h5+ Kf6 40. Ra6+ Ke7 41. Nf5+ Kd7 42. Rd6+ Kc7 43. Rd4 g6 44. hxg6 fxg6 45. Nxh6 Nf3 46. Rf4 Ra1+ 47. Kg2 Ne1+ 48. Kh3 Nd3 49. Rc4+ Kb6 50. Ng4 g5 51. Kg2 Ne1+ 52. Kf1 Nd3+ 53. Ke2 Nc5 54. Ne5 Nxa4 55. Kf3 Nc5 56. Kg4 Ra2 57. Kxg5 Kb5 58. f4 Re2 59. Rc1 Ne4+ 60. Kh4 Rg2 61. Re1 Nd6 62. g4 Kc5 63. f5 Kd5 64. Ng6 Rh2+ 65. Kg3 Rd2 66. Nf4+ Kd4 67. f6 Ra2 68. Rd1+ Kc5 69. Ne6+ 1-0

[Variant "Standard"]
[Site "Europe Echecs"]

[Event "Sunway Sitges Chess Festival"]
[Date "2024.12.21"]
[White "Filgueiras, Nathan Felipe"]
[Black "Aarav A"]
[WhiteElo "2328"]
[BlackElo "2186"]
[Round "9.26"]
[Result "1/2-1/2"]
[TimeControl "40/5400+30:1800+30"]

1. e4 c5 2. Nf3 d6 3. d4 cxd4 4. Nxd4 Nf6 5. Nc3 Nc6 6. Bb5 Bd7 7. Be3 g6 8. f3 a6 9. Be2 Nxd4 10. Bxd4 Bh6 11. Qd3 O-O 12. O-O Qa5 13. f4 Rac8 14. Kh1 Bg7 15. a3 Qc7 16. Rad1 Rfe8 17. h3 b5 18. Rd2 Bc6 19. Bf3 Qb7 20. e5 dxe5 21. fxe5 Nd5 22. e6 f6 23. Nxd5 Bxd5 24. Bxd5 Qxd5 25. Qe2 Qc4 26. Re1 Qxe2 27. Rexe2 f5 28. g4 Bxd4 29. Rxd4 Rc5 30. Kg2 Kg7 31. gxf5 Rxf5 32. Rd7 a5 33. Rb7 Kf6 34. Rf2 Rc8 35. Rxb5 Rxf2+ 36. Kxf2 Rxc2+ 37. Kf3 Kxe6 38. h4 a4 39. Kg4 Kf6 40. h5 gxh5+ 41. Rxh5 Rxb2 42. Ra5 Rg2+ 43. Kf3 Ra2 44. Rxa4 h5 45. Ra8 e5 46. a4 Kf5 47. Rf8+ Kg5 48. Rg8+ Kh4 49. Re8 Ra3+ 50. Kf2 Rxa4 51. Rxe5 Rg4 52. Ra5 Rg5 53. Rxg5 Kxg5 54. Kg2 Kg4 55. Kh1 h4 56. Kg1 Kg3 57. Kh1 Kh3 58. Kg1 Kg3 59. Kh1 h3 60. Kg1 h2+ 61. Kh1 Kh3 1/2-1/2

[Variant "Standard"]
[Site "Europe Echecs"]

[Event "Sunway Sitges Chess Festival"]
[Date "2024.12.21"]
[White "Lacasa Diaz, Josep Anton"]
[Black "Koudounis, Vasileios"]
[WhiteElo "2324"]
[BlackElo "2190"]
[Round "9.27"]
[Result "1-0"]
[TimeControl "40/5400+30:1800+30"]

1. Nf3 e6 2. c4 d5 3. e3 Nf6 4. Nc3 b6 5. b3 Bb7 6. Bb2 Nbd7 7. Rc1 a6 8. cxd5
exd5 9. Ne2 Bd6 10. g3 O-O 11. Bg2 Qe7 12. O-O c5 13. d4 Rac8 14. Nf4 g6 15.
dxc5 bxc5 16. Ne1 Be5 17. Ba3 Nb6 18. Ned3 Bxf4 19. exf4 Nbd7 20. Re1 Qd6 21. Qc2 Rc7 22. Bxc5 Nxc5 23. Nxc5 Rfc8 24. b4 Nd7 25. Qb2 Nxc5 26. bxc5 Qd7 27. Qd4 Qb5 28. Bh3 Re8 29. Rxe8+ Qxe8 30. Bg2 Qb5 31. h4 Re7 32. Bf3 h5 33. f5 Qd7 34. fxg6 fxg6 35. c6 1-0

[Variant "Standard"]
[Site "Europe Echecs"]

[Event "Sunway Sitges Chess Festival"]
[Date "2024.12.21"]
[White "Grebennikov, Nikolai A."]
[Black "Safarov, Deniel"]
[WhiteElo "2194"]
[BlackElo "2319"]
[Round "9.28"]
[Result "0-1"]
[TimeControl "40/5400+30:1800+30"]

1. d4 g6 2. e4 Bg7 3. c4 d6 4. Nc3 Nf6 5. Nf3 O-O 6. Be2 e5 7. d5 a5 8. Be3 Na6 9. Nd2 Nd7 10. g4 Ndc5 11. h4 f5 12. gxf5 gxf5 13. Bg5 Qd7 14. Rg1 Kh8 15. h5 h6 16. Be3 f4 17. Bxc5 Nxc5 18. Bg4 Qf7 19. Nf3 Bxg4 20. Rxg4 Bf6 21. Rg6 Kh7 22. Ke2 Rg8 23. Rxg8 Rxg8 24. Qh1 Bd8 25. Rg1 Rxg1 26. Nxg1 Qg7 27. Nh3 Nd7 28. a3 Nf6 29. Qf3 c6 30. b4 axb4 31. axb4 Bb6 32. b5 Qd7 33. bxc6 bxc6 34. dxc6 Qxc6 35. Qd3 Bd4 36. Nd5 Nxh5 37. Nhxf4 Nxf4+ 38. Nxf4 Qb6 39. Nh3 Qb2+ 40. Kf3 Qc1 41. Kg2 Kg6 42. Qg3+ Kf7 43. Qf3+ Ke7 44. Qb3 Bc5 45. Qb7+ Kd8 46. Qd5 Kc7 47. Kg3 Kb6 48. Qd3 Bd4 49. Qb3+ Kc7 50. Kg4 Bxf2 51. Kf5 Bh4 52. Qd3 Kd7 53. Kg6 Bd8 54. Kf7 Bb6 55. Qe2 Kc6 56. Qd3 Qe3 57. Qd5+ Kc7 58. Ke7 Bc5 59. Qe6 Kb6 60. Qd7 d5+ 61. Kd8 dxc4 62. Kc8 Qxe4 63. Qc7+ Kb5 64. Qb8+ Bb6 0-1

[Variant "Standard"]
[Site "Europe Echecs"]

[Event "Sunway Sitges Chess Festival"]
[Date "2024.12.21"]
[White "Domingo Nunez, Alejandro"]
[Black "Ibrahimova, Sabina"]
[WhiteElo "2318"]
[BlackElo "2179"]
[Round "9.29"]
[Result "1/2-1/2"]
[TimeControl "40/5400+30:1800+30"]

1. Nf3 Nf6 2. g3 g6 3. b3 Bg7 4. Bb2 d6 5. d4 c5 6. Bg2 Qa5+ 7. Bc3 Qc7 8. O-O O-O 9. Bb2 d5 10. Nc3 Nbd7 11. e3 a6 12. Nd2 e6 13. Ne2 b5 14. c4 Bb7 15. cxd5 Nxd5 16. Ne4 cxd4 17. Bxd4 e5 18. Rc1 Qb8 19. Bb2 Rd8 20. Qe1 a5 21. N2c3 Nxc3 22. Qxc3 Nf6 23. Nxf6+ Bxf6 24. Bxb7 Qxb7 25. Qc6 Qxc6 26. Rxc6 Bg7 27. Rfc1 e4 28. Bxg7 Kxg7 29. R1c5 Rd2 30. Rxb5 a4 31. a3 axb3 32. Rxb3 Ra5 33. Rc1 Rf5 34. Rf1 Ra2 35. Rb4 Re5 36. a4 h5 37. h3 Re7 38. Rc1 Re6 39. Rcb1 Re5 40. R1b2 Ra1+ 41. Kg2 Re6 42. Rd4 f5 43. g4 hxg4 44. hxg4 Kf6 45. Rb5 Kg5 46. gxf5 gxf5 47. Rdd5 Rf6 48. a5 Kg4 49. Re5 Ra2 50. Red5 Ra1 51. Rd8 Rg6 52. Rf8 Rg5 53. Re5 Kh4+ 54. Kh2 Kg4 55. Kg2 Kh4+ 56. Kh2 Kg4 57. Rc5 Ra2 58. Kg2 Kh4+ 59. Kf1 Ra1+ 60. Ke2 Ra2+ 61. Kf1 Ra1+ 62. Ke2 1/2-1/2

[Variant "Standard"]
[Site "Europe Echecs"]

[Event "Sunway Sitges Chess Festival"]
[Date "2024.12.21"]
[White "Karimov, Alisher"]
[Black "Kuandykuly, Danis"]
[WhiteElo "2296"]
[BlackElo "2168"]
[Round "9.30"]
[Result "1-0"]
[TimeControl "40/5400+30:1800+30"]

1. d4 Nf6 2. c4 e6 3. Nc3 Bb4 4. e3 O-O 5. Bd3 d5 6. a3 Bxc3+ 7. bxc3 dxc4 8. Bxc4 c5 9. Ne2 Qc7 10. Bd3 Nc6 11. f4 b6 12. O-O Bb7 13. Ng3 Rfd8 14. Bb2 Rac8 15. Qe2 Na5 16. Rae1 cxd4 17. cxd4 Bd5 18. e4 Bc4 19. d5 Bxd3 20. Qxd3 Ne8 21. Rc1 Nc4 22. Bd4 exd5 23. e5 Qe7 24. Nf5 Qe6 25. Rce1 Nd2 26. Nxg7 Nxg7 27. f5 Nxf5 28. Qxd2 Qg6 29. Rf3 Rc4 30. Qf2 Rxd4 31. Rxf5 Rd2 32. Qf3 h5 33. h4 Qe6 34. Qf4 Rc2 35. Qg5+ Kh7 36. Rf6 Qg4 37. Rh6# 1-0

[Variant "Standard"]
[Site "Europe Echecs"]